 Dungeon Crawl Stone Soup version 0.18.1-8-gdd0e5ea (webtiles) character file.

101693 Shtopit the Carver (level 15, -2/126 HPs)
             Began as a Demonspawn Berserker on May 23, 2016.
             Was the Champion of Trog.
             Killed from afar by a deep elf knight (22 damage)
             ... with a stone arrow
             ... on level 2 of the Elven Halls.
             The game lasted 01:28:42 (24838 turns).

Shtopit the Carver (Demonspawn Berserker)          Turns: 24838, Time: 01:28:43

Health: -2/126     AC: 31    Str: 28    XL:     15   Next: 84%
Magic:  7/7        EV:  9    Int:  9    God:    Trog [******]
Gold:   2167       SH:  4    Dex: 13    Spells: 0 memorised, 14 levels left

rFire  + . .     SeeInvis +     Y - +5 triple sword (antimagic)
rCold  + . .     Gourm    .     t - +9 armour of the Dragon King {rPois rF+ rC+ MR+}
rNeg   . . .     Faith    .     (shield currently unavailable)
rPois  +         Spirit   .     (helmet unavailable)
rElec  .         Dismiss  .     (no cloak)
rCorr  .         Reflect  +     N - +0 pair of gloves
SustAt .         Harm     .     M - +0 pair of boots
MR     ++++.                    G - +4 amulet of reflection
Stlth  ..........               h - ring of protection from magic
                                n - ring of protection from magic

@: mighty, drained, incredibly resistant to hostile enchantments, extremely
unstealthy
A: antennae 3, deterioration 1, powered by pain 2, slow regeneration 1, spiny 2,
sturdy frame 2
a: Berserk, Trog's Hand, Brothers in Arms, Burn Spellbooks, Renounce Religion


You were on level 2 of the Elven Halls.
You worshipped Trog.
Trog was exalted by your worship.
You were not hungry.

You visited 4 branches of the dungeon, and saw 24 of its levels.
You also visited: Sewer, Ossuary, Ice Cave and Volcano.

You collected 2342 gold pieces.
You spent 175 gold pieces at shops.

Inventory:

Hand Weapons
 u - a +7 triple sword of electrocution
 F - a +1 triple sword of draining
 O - the +2 rapier "Undertaker" {pierce, rF+ rN+ MR+ Str+4}
   (You found it on level 9 of the Dungeon)

   It inflicts extra damage upon your enemies.
   It affects your strength (+4).
   It protects you from fire.
   It protects you from negative energy.
   It affects your resistance to hostile enchantments.
 R - a +0 blowgun
 Y - a +5 antimagic triple sword (weapon)
 Z - a +4 scimitar of flaming
Missiles
 E - 7 curare-tipped needles
 J - 106 bolts
 S - 41 poisoned needles
Armour
 r - the cursed +1 plate armour of Duih {rN+ Str+6}
   (You found it on level 7 of the Lair of Beasts)

   It affects your strength (+6).
   It protects you from negative energy.
   It has a curse placed upon it.
 t - the +9 armour of the Dragon King (worn) {rPois rF+ rC+ MR+}
   (You found it on level 8 of the Dungeon)

   It protects you from fire.
   It protects you from cold.
   It protects you from poison.
   It affects your resistance to hostile enchantments.
 M - a +0 pair of boots (worn)
 N - a +0 pair of gloves (worn)
Jewellery
 h - a ring of protection from magic (right hand)
 i - an uncursed amulet of regeneration
 n - a ring of protection from magic (left hand)
 v - an uncursed ring of flight
 C - an uncursed ring of positive energy
 G - a +4 amulet of reflection (around neck)
Wands
 a - a wand of paralysis (6/24)
 b - a wand of digging (3/24)
 A - a wand of digging (11/24)
 K - a wand of iceblast (12/15)
 U - a wand of disintegration (11/24)
Scrolls
 f - 9 scrolls of identify
 g - 2 scrolls of magic mapping
 j - 4 scrolls of teleportation
 o - 8 scrolls of remove curse
 q - 5 scrolls of blinking
 y - 4 scrolls of fog
 H - 2 scrolls of fear
 I - 2 scrolls of recharging
 P - 2 scrolls of brand weapon
 T - 3 scrolls of enchant armour
 V - a scroll of silence
Potions
 e - 12 potions of curing
 k - 4 potions of cure mutation
 m - 5 potions of flight
 p - 4 potions of haste
 s - 2 potions of invisibility
 w - a potion of magic
 x - 2 potions of resistance
 B - 3 potions of might
 D - 2 potions of agility
Miscellaneous
 Q - an ornate deck of summoning {drawn: 1}
 W - a disc of storms
Comestibles
 c - 15 bread rations
 d - a slice of pizza
 l - 16 meat rations
 z - 6 beef jerkies


   Skills:
 + Level 14.1 Fighting
 + Level 3.1(10.4) Short Blades
 + Level 14.8(14.9) Long Blades
 + Level 1.5(1.4) Throwing
 + Level 13.8 Armour
 + Level 3.8(3.7) Dodging
 - Level 1.1(1.0) Stealth
 + Level 10.2 Evocations


You had 14 spell levels left.
You didn't know any spells.

Dungeon Overview and Level Annotations

Branches:
Dungeon (12/15)            Temple (0/1) D:5            Lair (8/8) D:8
  Swamp (0/4) Lair:5       Spider (0/4) Lair:5        Slime (0/6) Lair:8
    Orc (2/2) D:12            Elf (1/3) Orc:2

Altars:
Ashenzari
Cheibriados
Elyvilon
Fedhas
Kikubaaqudgha
Okawaru
Sif Muna
Vehumet
Zin

Shops:
D:6 *   D:9 (   D:11 [   Orc:2 :**?


Innate Abilities, Weirdness & Mutations

You have a pair of large antennae on your head (SInv).
You sometimes gain power by taking damage.
You are mostly covered in sharp spines.
Your movements are less encumbered by armour (ER -4).
Your body sometimes deteriorates upon taking damage.
You regenerate slowly when monsters are visible.


Message History

You slice the vampiric bardiche!!
The vampiric bardiche is almost destroyed.
You chop the vampiric bardiche into pieces!!!
The vampiric bardiche falls from the air.
You start resting.
You feel less exhausted.
You start resting.
A deep elf knight comes into view. It is wielding a scimitar.
The deep elf mage shouts!
The deep elf knight gestures at you while chanting.
The orb of energy hits you!
* * * LOW HITPOINT WARNING * * *
The deep elf knight gestures at you while chanting.
The stone arrow misses you.
The deep elf knight casts a spell at you.
The orb of energy hits you!
* * * LOW HITPOINT WARNING * * *
The deep elf knight gestures at you while chanting.
The stone arrow hits you!
You die...

{ ### #### #.#
##.####.## #...++
...##...##...##.....##
...........e..........
...........#.)).......
..........###.........
#..........## ##@.......
#...........###.........
.............#....e.....
........e....)))........
............)...........
......................#.
.....................##
.....................#
....(................#


You could see a deep elf knight and a deep elf mage.

Vanquished Creatures
  Rupert (Lair:5)
  Kirke (Lair:6)
  A frost giant (IceCv)
  A stone giant (Orc:1)
  Nessos (Lair:6)
  Snorg (D:11)
  Erolcha (D:7)
  An ice dragon (Lair:7)
  8 hydras
  6 death yaks (Lair:7)
  9 dancing weapons
  An orc high priest (Orc:2)
  3 deep elf knights
  2 deep elf archers (Elf:1)
  2 unseen horrors (D:11)
  2 lindwurms
  Pikel (D:8)
  3 hill giants
  3 orc knights
  19 deep elf magi (Elf:1)
  3 orc sorcerers (Orc:2)
  A manticore (D:12)
  2 cyclopes
  4 black mambas
  A centaur zombie (D:12)
  6 elephants (Lair:8)
  An ice statue (IceCv)
  A torpor snail (Lair:3)
  A centaur skeleton (D:10)
  13 spiny frogs
  A kobold demonologist (D:11)
  10 komodo dragons
  2 rime drakes
  7 trolls
  A merfolk (D:10)
  19 polar bears
  A two-headed ogre (D:12)
  The ghost of jacquesderrida the Poker, an amateur DsSk (D:7)
  6 slime creatures (D:12)
  21 blink frogs
  A shadow (D:12)
  14 redbacks
  10 spriggans (Lair:8)
  A water elemental (D:11)
  An air elemental (Elf:1)
  A wyvern (Lair:7)
  50 yaks
  A wraith (Ossuary)
  2 fire elementals (Elf:1)
  8 fire bats (Volcano)
  12 hippogriffs
  4 basilisks
  2 hungry ghosts
  2 hogs (Lair:6)
  5 wargs
  2 mottled dragons
  10 water moccasins
  17 porcupines
  A hell hound (Volcano)
  A porcupine (shapeshifter) (Elf:1)
  4 ice beasts
  A swamp drake (D:12)
  2 sky beasts
  9 black bears
  3 phantoms
  A necrophage (D:10)
  23 orc warriors
  5 centaurs
  4 wasps (Lair:8)
  4 ogres
  51 wolves
  A big kobold (D:10)
  21 crocodiles
  The ghost of Tux the Ruffian, an amateur VSMo (D:3)
  10 giant frogs
  A water moccasin zombie (D:12)
  A wyvern skeleton (D:12)
  5 scorpions
  16 killer bees
  3 wights (D:11)
  3 howler monkeys (D:8)
  A crimson imp (D:6)
  2 quasits
  4 hounds
  5 jellies
  A giant frog skeleton (D:9)
  19 orc priests
  Jessica (D:2)
  8 iguanas
  37 orc wizards
  14 hell rats
  8 worker ants
  3 sheep (D:11)
  A killer bee zombie (D:7)
  A hound skeleton (D:9)
  2 mummies
  10 adders
  4 gnolls (D:4)
  A howler monkey skeleton (D:11)
  73 river rats
  2 adder zombies
  An adder skeleton (D:4)
  5 worms
  2 giant geckos (D:1)
  81 orcs
  6 giant cockroaches
  4 goblins
  6 hobgoblins
  14 jackals
  10 kobolds
  10 quokkas
  5 ball pythons
  4 bats
  10 giant newts
  8 gnoll skeletons (Ossuary)
  6 kobold skeletons (Ossuary)
  11 orc skeletons (Ossuary)
  A quokka zombie (D:5)
  13 rats
877 creatures vanquished.

Vanquished Creatures (collateral kills)
  2 orc high priests (Orc:2)
  Sonja (Lair:1)
  An orc knight (Orc:2)
  An orc sorcerer (Orc:2)
  A spiny frog (Lair:1)
  3 orc warriors (Orc:2)
  2 orc wizards (Orc:2)
  An iguana (Lair:1)
  2 orcs (Orc:2)
14 creatures vanquished.

Vanquished Creatures (others)
  A deep elf high priest (Elf:1)
  2 orc priests (Orc:2)
  An orc wizard (D:9)
  A worker ant (D:8)
  A river rat (D:8)
  4 orcs
  A jackal (D:2)
  A quokka (D:2)
  A giant gecko skeleton (D:8)
  10 fungi
  A plant (Lair:7)
24 creatures vanquished.

Grand Total: 915 creatures vanquished

Notes
Turn   | Place    | Note
--------------------------------------------------------------
     0 | D:1      | Shtopit the Demonspawn Berserker began the quest for the Orb.
     0 | D:1      | Reached XP level 1. HP: 18/18 MP: 1/1
   301 | D:1      | Gained mutation: You are partially covered in sharp spines. [demonic ancestry]
   301 | D:1      | Reached XP level 2. HP: 24/24 MP: 2/2
   558 | D:1      | Gained mutation: You have a pair of small antennae on your head. [demonic ancestry]
   558 | D:1      | Reached XP level 3. HP: 30/30 MP: 3/3
   702 | D:2      | Noticed Jessica
   704 | D:2      | Killed Jessica
   704 | D:2      | Reached ** piety under Trog
   836 | D:2      | Found a white marble altar of Elyvilon.
   839 | D:2      | Reached XP level 4. HP: 37/37 MP: 4/4
   872 | D:2      | Found a blossoming altar of Fedhas.
  1392 | D:3      | Noticed Tux's ghost (amateur VSMo)
  1397 | D:3      | Killed Tux's ghost
  1397 | D:3      | Reached XP level 5. HP: 41/43 MP: 5/5
  1802 | D:3      | Found an iron altar of Okawaru.
  2172 | D:4      | Noticed a phantom
  2215 | D:4      | Killed a phantom
  2215 | D:4      | Gained mutation: Your movements are slightly less encumbered by armour (ER -2). [demonic ancestry]
  2215 | D:4      | Reached XP level 6. HP: 36/50 MP: 6/6
  2425 | D:4      | Reached *** piety under Trog
  2480 | D:4      | Reached skill level 5 in Fighting
  2489 | D:4      | Reached skill level 5 in Long Blades
  2489 | D:4      | Gained mutation: You have a pair of antennae on your head. [demonic ancestry]
  2489 | D:4      | Reached XP level 7. HP: 43/56 MP: 7/7
  2942 | D:5      | Entered Level 5 of the Dungeon
  2984 | D:5      | Found a glowing drain.
  2989 | Sewer    | Entered a sewer
  3538 | D:5      | Found a staircase to the Ecumenical Temple.
  3964 | D:5      | Found an ancient bone altar of Kikubaaqudgha.
  4351 | D:6      | Reached **** piety under Trog
  4519 | D:6      | Reached skill level 5 in Armour
  4519 | D:6      | Gained mutation: You have a pair of large antennae on your head (SInv). [demonic ancestry]
  4519 | D:6      | Reached XP level 8. HP: 64/64 MP: 8/8
  4538 | D:6      | Found a shattered altar of Ashenzari.
  4680 | D:6      | Found Zin's Purification Station.
  4683 | D:6      | Found a glowing silver altar of Zin.
  5323 | D:7      | Found a radiant altar of Vehumet.
  5513 | D:7      | Noticed jacquesderrida's ghost (amateur DsSk)
  5544 | D:7      | Killed jacquesderrida's ghost
  5547 | D:7      | Gained mutation: You sometimes gain a little power by taking damage. [demonic ancestry]
  5547 | D:7      | Reached XP level 9. HP: 63/71 MP: 9/9
  5563 | D:7      | Found a sand-covered staircase.
  5570 | Ossuary  | Entered an ossuary
  6342 | D:8      | Noticed Erolcha
  6562 | D:8      | Reached ***** piety under Trog
  6571 | D:7      | Killed Erolcha
  6722 | D:8      | Noticed Pikel
  6734 | D:8      | Killed Pikel
  6734 | D:8      | Reached XP level 10. HP: 65/80 MP: 10/10
  6925 | D:8      | Found a staircase to the Lair.
  7532 | D:8      | Found a snail-covered altar of Cheibriados.
  7879 | D:9      | Found Netomink's Weapon Emporium.
  8106 | D:9      | Got a twisted rapier
  8442 | Lair:1   | Entered Level 1 of the Lair of Beasts
  8673 | Lair:1   | Noticed a spiny frog
  8683 | Lair:1   | Noticed Sonja
  8686 | Lair:1   | Killed a spiny frog
  8689 | Lair:1   | Killed Sonja
  9049 | Lair:1   | Noticed a four-headed hydra
  9055 | Lair:1   | Identified the cursed +2 rapier "Undertaker" {pierce, rF+ rN+ MR+ Str+4} (You found it on level 9 of the Dungeon)
  9062 | Lair:1   | Killed a four-headed hydra
  9071 | Lair:1   | Gained mutation: Your movements are less encumbered by armour (ER -4). [demonic ancestry]
  9071 | Lair:1   | Reached XP level 11. HP: 89/89 MP: 11/11
  9080 | Lair:1   | Received a gift from Trog
  9223 | Lair:1   | Reached skill level 10 in Armour
  9691 | Lair:2   | Found a dark tunnel.
  9705 | Lair:2   | Reached skill level 1 in Short Blades
  9725 | Volcano  | Entered a volcano
  9781 | Volcano  | Noticed a lindwurm
  9789 | Volcano  | Reached skill level 1 in Evocations
  9800 | Volcano  | Killed a lindwurm
 10093 | Lair:2   | Noticed a five-headed hydra
 10121 | Lair:2   | Killed a two-headed hydra
 10264 | Lair:2   | Received a gift from Trog
 10432 | Lair:2   | Reached skill level 10 in Fighting
 10547 | Lair:2   | Found a deep blue altar of Sif Muna.
 10646 | Lair:2   | Reached skill level 1 in Stealth
 11043 | Lair:2   | Reached skill level 10 in Long Blades
 11047 | Lair:2   | Gained mutation: You sometimes gain power by taking damage. [demonic ancestry]
 11047 | Lair:2   | Reached XP level 12. HP: 97/97 MP: 4/14
 11128 | Lair:3   | Noticed a six-headed hydra
 11139 | Lair:3   | Killed a one-headed hydra
 12136 | Lair:4   | Received a gift from Trog
 12199 | Lair:4   | Reached skill level 5 in Evocations
 12970 | Lair:5   | Found a staircase to the Swamp.
 13070 | Lair:5   | Found a hole to the Spider Nest.
 13082 | Lair:5   | Noticed Rupert
 13093 | Lair:5   | Killed Rupert
 13113 | Lair:5   | Gained mutation: You are mostly covered in sharp spines. [demonic ancestry]
 13113 | Lair:5   | Reached XP level 13. HP: 96/106 MP: 5/17
 13153 | Lair:5   | Reached ****** piety under Trog
 14069 | Lair:6   | Noticed Kirke
 14084 | Lair:6   | Killed Kirke
 14084 | Lair:6   | Received a gift from Trog
 14183 | Lair:6   | Noticed Nessos
 14209 | Lair:6   | Killed Nessos
 14756 | Lair:7   | Found a frozen archway.
 14764 | Lair:7   | Reached skill level 1 in Throwing
 14805 | IceCv    | Entered an ice cave
 15142 | IceCv    | Noticed a frost giant
 15152 | IceCv    | Killed a frost giant
 15611 | Lair:7   | Reached XP level 14. HP: 91/115 MP: 18/20
 15791 | Lair:7   | Got a scorched plate armour
 15794 | Lair:7   | Identified the cursed +1 plate armour of Duih {rN+ Str+6} (You found it on level 7 of the Lair of Beasts)
 16048 | Lair:7   | Received a gift from Trog
 16513 | Lair:8   | Entered Level 8 of the Lair of Beasts
 16910 | Lair:8   | Received a gift from Trog
 16936 | Lair:8   | Found a staircase to the Slime Pits.
 17237 | Lair:8   | Received a gift from Trog
 17835 | D:10     | Entered Level 10 of the Dungeon
 18534 | D:11     | Received a gift from Trog
 18902 | D:11     | Found Qufrergh's Armour Emporium.
 18907 | D:11     | Noticed Snorg
 18914 | D:11     | Killed Snorg
 18978 | D:11     | Gained mutation: Your body sometimes deteriorates upon taking damage. [a neqoxec]
 18979 | D:11     | Gained mutation: You regenerate slowly when monsters are visible. [a neqoxec]
 20051 | D:12     | Reached XP level 15. HP: 112/124 MP: 22/22
 20125 | D:12     | Received a gift from Trog
 20129 | D:12     | Found a staircase to the Orcish Mines.
 20514 | Orc:1    | Entered Level 1 of the Orcish Mines
 21565 | Orc:1    | Received a gift from Trog
 21738 | Orc:2    | Entered Level 2 of the Orcish Mines
 22316 | Orc:2    | Found a staircase to the Elven Halls.
 22399 | Orc:2    | Received a gift from Trog
 23036 | Orc:2    | Found Ykujy's Book Emporium.
 23036 | Orc:2    | Found Zicwidej's Magic Scroll Shop.
 23038 | Orc:2    | Found Qint's Assorted Antiques.
 23038 | Orc:2    | Found Ejuzotach's General Store.
 23052 | Orc:2    | Bought a scintillating glass ring for 175 gold pieces
 23056 | Orc:2    | Identified the ring "Axeiprueda" {MP+9 AC+1} (You bought it in a shop on level 2 of the Orcish Mines)
 23226 | Elf:1    | Entered Level 1 of the Elven Halls
 23246 | Elf:1    | Reached skill level 10 in Evocations
 23609 | Elf:1    | Received a gift from Trog
 24748 | Elf:1    | You fall through a shaft!
 24749 | Elf:2    | Noticed a deep elf blademaster
 24838 | Elf:2    | Killed from afar by a deep elf knight

Skill      XL: |  1  2  3  4  5  6  7  8  9 10 11 12 13 14 15 |
---------------+----------------------------------------------+-----
Long Blades    | 3 4 5 6 8 9 10 11 12 13 14 | 14.8
Armour         | 2 3 5 6 8 9 10 11 12 13 | 13.8
Fighting       | 4 5 6 8 9 10 11 12 13 14 | 14.1
Dodging        | 2 3 |  3.8
Short Blades   | 3 |  3.1
Evocations     | 3 6 8 9 10 | 10.2
Stealth        | 1 |  1.1
Throwing       | 1 |  1.5

Action                   |  1- 3 |  4- 6 |  7- 9 | 10-12 | 13-15 || total
-------------------------+-------+-------+-------+-------+-------++-------
Melee: Falchion          |    46 |    68 |       |       |       ||   114
       Long sword        |       |    54 |   299 |   176 |       ||   529
       Rapier            |       |       |       |   158 |       ||   158
       Great sword       |       |       |       |   296 |    53 ||   349
       Scimitar          |       |       |       |    30 |    52 ||    82
       Triple sword      |       |       |       |       |   867 ||   867
 Fire: Blowgun           |       |       |       |       |    16 ||    16
Invok: Berserk           |       |       |     5 |     4 |     8 ||    17
       Burn Spellbooks   |       |       |     1 |     1 |     5 ||     7
       Brothers in Arms  |       |       |       |     1 |     1 ||     2
       Trog's Hand       |       |       |       |       |     3 ||     3
Evoke: Wand              |       |       |       |       |     2 ||     2
       Deck              |       |       |       |       |     1 ||     1
  Use: Potion            |       |       |     8 |     5 |     6 ||    19
       Scroll            |       |       |    14 |     7 |    17 ||    38
 Stab: Invisible         |       |       |       |     1 |       ||     1
       Distracted        |       |       |       |       |     1 ||     1
  Eat: Chunk             |       |     5 |    14 |    28 |    37 ||    84
       Pizza             |       |       |     1 |       |     2 ||     3
       Beef jerky        |       |       |     2 |       |       ||     2
       Royal jelly       |       |       |       |       |     3 ||     3
       Fruit             |       |       |       |       |     5 ||     5
Armor: Plate armour      |    50 |    71 |   223 |    30 |       ||   374
       Gold dragon armou |       |       |       |   530 |  1106 ||  1636
Dodge: Dodged            |    14 |    30 |   125 |   295 |   557 ||  1021
Block: Other             |       |       |       |       |   103 ||   103
       Reflection        |       |       |       |       |     5 ||     5
